 Dungeon Crawl Stone Soup version 0.32-a0-893-gf85d74f360 (console) character file.

Game seed: 4593633207616099849

5159 jejorda2 the Spear-Bearer (level 10, -2/82 HPs)
             Began as a Gnoll Berserker on Apr 3, 2024.
             Was an Elder of Trog.
             Slain by a centaur warrior (8 damage)
             ... on level 12 of the Dungeon.
             The game lasted 00:17:31 (7457 turns).

jejorda2 the Spear-Bearer (Gnoll Berserker)         Turns: 7457, Time: 00:17:32

Health: -2/82      AC: 18    Str: 20    XL:     10   Next: 59%
Magic:  18/18      EV: 12    Int: 10    God:    Trog [****..]
Gold:   322        SH:  5    Dex: 13    Spells: 20/20 levels left

rFire   . . .        a - +6 trident of Tenacity {flame, Int+4}
rCold   + . .        (no shield)
rNeg    . . .        G - +0 plate armour
rPois   .            (no helmet)
rElec   .            (no cloak)
rCorr   .            s - +2 pair of gloves
SInv    .            l - +0 pair of boots
Will    .....        g - amulet of reflection Stlth
                     v - ring of protection from cold
HPRegen 0.33/turn    E - +5 ring of evasion
MPRegen 0.16/turn

%: reflection
@: no status effects
A: fangs 1, strong nose, distributed training
a: Renounce Religion, Berserk, Trog's Hand, Brothers in Arms


You were on level 12 of the Dungeon.
You worshipped Trog.
Trog was greatly pleased with you.
You visited 1 branch of the dungeon, and saw 10 of its levels.
You also visited: Bailey.

You collected 481 gold pieces.
You spent 159 gold pieces at shops.

Inventory:

Hand Weapons
 a - the +6 trident of Tenacity (weapon) {flame, Int+4}
   (You found it on level 2 of the Dungeon)

   Int+4:     It affects your intelligence (+4).
 o - a +4 halberd
Missiles
 b - 9 poisoned darts (quivered)
 i - 11 boomerangs
Armour
 d - a +0 tower shield
 l - a +0 pair of boots (worn)
 s - a +2 pair of gloves (worn)
 G - a +0 plate armour (worn)
Jewellery
 g - an amulet of reflection (around neck)
 v - a ring of protection from cold (left hand)
 E - a +5 ring of evasion (right hand)
 H - a ring of resist corrosion
Wands
 c - a wand of quicksilver (6)
 r - a wand of flame (12)
 z - a wand of charming (21)
Scrolls
 f - 2 scrolls of fear
 h - 2 scrolls of revelation
 q - 7 scrolls of teleportation
 t - 4 scrolls of poison
 D - a scroll of fog
Potions
 m - 3 potions of curing
 w - 2 potions of heal wounds
 x - a potion of mutation
 B - 2 potions of haste
 F - a potion of cancellation


   Skills:
 + Level 8.7 Fighting
 + Level 5.6 Short Blades
 + Level 5.6 Long Blades
 + Level 5.6 Axes
 + Level 5.6 Maces & Flails
 + Level 8.7 Polearms
 + Level 5.6 Staves
 + Level 5.6 Ranged Weapons
 + Level 5.6 Throwing
 + Level 7.3 Armour
 + Level 7.3 Dodging
 + Level 5.6 Stealth
 + Level 5.6 Shields
 + Level 5.6 Unarmed Combat
 + Level 5.6 Spellcasting
 + Level 4.6 Conjurations
 + Level 4.6 Hexes
 + Level 4.6 Summonings
 + Level 4.6 Necromancy
 + Level 4.6 Translocations
 + Level 4.6 Fire Magic
 + Level 4.6 Ice Magic
 + Level 4.6 Air Magic
 + Level 4.6 Earth Magic
 + Level 4.6 Alchemy
 + Level 6.2 Invocations
 + Level 5.6 Evocations
 + Level 5.1 Shapeshifting


You had 20 spell levels left.
You didn't know any spells.
Your spell library was empty.

Dungeon Overview and Level Annotations

Branches:
Dungeon (12/15)            Temple (0/1) D:7             Orc (0/2) D:12
 Bailey (visited)
   Lair: D:8-11

Altars:
Dithmenos
Makhleb
Vehumet
Zin
The Shining One

Shops:
D:6 ?


Innate Abilities, Weirdness & Mutations

You have very sharp teeth.
Your uncanny sense of smell can sniff out nearby items.
Your experience applies equally to all skills.


Message History

You hear the crackling of a very distant melting archway.
The centaur warrior shoots an arrow.
The arrow hits you!
The centaur warrior shoots an arrow.
The arrow hits you!
The centaur warrior shoots an arrow.
The arrow hits you! The water elemental hits you.
The water elemental engulfs you in water!
You cannot call out to Trog while unable to breathe.
You puncture the water elemental! You burn the water elemental.
Your bite misses the water elemental.
The water elemental is moderately damaged.
Your lungs strain for air!
The water elemental hits you.
You barely miss the water elemental.
The water elemental is moderately damaged.
Your lungs strain for air!
The water elemental hits you!
You puncture the water elemental! You burn the water elemental.
The water elemental is severely damaged.
* * * LOW HITPOINT WARNING * * *
Your lungs strain for air!
The water elemental hits you.
You barely miss the water elemental. Your bite misses the water elemental.
The water elemental is severely damaged.
* * * LOW HITPOINT WARNING * * *
Your lungs strain for air!
You block the water elemental's attack.
You puncture the water elemental! You burn the water elemental.
The water elemental is almost destroyed.
* * * LOW HITPOINT WARNING * * *
Your lungs strain for air!
The water elemental hits you.
You completely miss the water elemental.
The water elemental is almost destroyed.
* * * LOW HITPOINT WARNING * * *
Your lungs strain for air!
The water engulfing you falls away.
You gasp with relief as air once again reaches your lungs.
The centaur warrior unwields a +0 shortbow.
The centaur warrior hits you!
You die...

*,* ###########.#.##
#.#############.#.##
#......######...#.##
*****#......######...#.##
*,,,,................#.##
****,***##.....######...#.#######
,,,,,,,,.......+.............>...
,,,,,*,*.......#######.###.##..##
,,,,,*,*,<*,.#Ec@................
,,,,,*,**,*,.#.#######.##......#.
,,,,,*,,,,*,##.#........#..##.##.
,,,,,*******##.#.#........~......
,,,,,,,,,,**##.#.#~~#≈~#~~≈≈~.###
,,,,,,,,,,,,##.#.~~≈≈~≈≈≈≈≈≈≈~...
***~,~,,,~,,*#E#~~≈≈≈≈≈≈≈≈≈≈≈≈~##
,~~~~~~~~~~~~~~≈≈≈≈≈≈≈≈≈≈≈≈≈≈≈≈≈≈
~~~~~~~~~~~~~~≈≈≈≈##≈≈≈≈~.#≈≈≈≈≈≈


You could see a centaur warrior and a water elemental.

Vanquished Creatures
  A deep elf pyromancer (Bailey)
  An orc knight (Bailey)
  2 water elementals (D:12)
  2 steam dragons (D:8)
  2 acid dragons
  2 water moccasins
  2 sky beasts
  8 orc warriors
  3 ice beasts
  An ogre (D:6)
  A centaur (D:6)
  A phantom (D:4)
  A kobold brigand (D:6)
  2 bullfrogs
  2 scorpions (D:6)
  3 wights (D:7)
  An electric eel (D:12)
  2 howler monkeys
  A crimson imp (D:8)
  3 bombardier beetles
  4 hounds
  2 jellies
  3 sleepcaps
  2 gnoll boudas
  3 orc priests
  Ijyb (D:3)
  5 iguanas
  8 orc wizards
  18 gnolls
  11 adders
  2 white imps (D:6)
  3 dart slugs (D:1)
  4 ribbon worms
  35 orcs
  9 endoplasms
  2 giant cockroaches
  9 goblins
  4 hobgoblins
  8 jackals
  4 kobolds
  5 quokkas
  7 ball pythons
  6 bats
  7 frilled lizards
  3 rats
206 creatures vanquished.

Notes
Turn   | Place    | Note
-------+----------+-------------------------------------------
     0 | D:1      | jejorda2 the Gnoll Berserker began the quest for the Orb.
     0 | D:1      | Reached XP level 1. HP: 23/23 MP: 1/1
   158 | D:1      | Reached XP level 2. HP: 29/29 MP: 2/2
   432 | D:1      | Reached XP level 3. HP: 35/35 MP: 3/3
   732 | D:1      | Reached skill level 1 in Invocations
   922 | D:2      | Reached ** piety under Trog
  1115 | D:2      | Reached skill level 1 in Short Blades
  1115 | D:2      | Reached skill level 1 in Long Blades
  1115 | D:2      | Reached skill level 1 in Axes
  1115 | D:2      | Reached skill level 1 in Maces & Flails
  1115 | D:2      | Reached skill level 1 in Staves
  1115 | D:2      | Reached skill level 1 in Ranged Weapons
  1115 | D:2      | Reached skill level 1 in Throwing
  1115 | D:2      | Reached skill level 1 in Stealth
  1115 | D:2      | Reached skill level 1 in Shields
  1115 | D:2      | Reached skill level 1 in Unarmed Combat
  1115 | D:2      | Reached skill level 1 in Spellcasting
  1115 | D:2      | Reached skill level 1 in Evocations
  1190 | D:2      | Reached skill level 1 in Shapeshifting
  1190 | D:2      | Reached XP level 4. HP: 41/41 MP: 5/5
  1418 | D:2      | Reached skill level 1 in Conjurations
  1418 | D:2      | Reached skill level 1 in Hexes
  1418 | D:2      | Reached skill level 1 in Summonings
  1418 | D:2      | Reached skill level 1 in Necromancy
  1418 | D:2      | Reached skill level 1 in Translocations
  1418 | D:2      | Reached skill level 1 in Fire Magic
  1418 | D:2      | Reached skill level 1 in Ice Magic
  1418 | D:2      | Reached skill level 1 in Air Magic
  1418 | D:2      | Reached skill level 1 in Earth Magic
  1418 | D:2      | Reached skill level 1 in Alchemy
  1433 | D:2      | Identified the +6 trident of Tenacity {flame, Int+4}
  1675 | D:3      | Reached XP level 5. HP: 47/47 MP: 7/7
  1825 | D:3      | Noticed Ijyb
  1836 | D:3      | Killed Ijyb
  1929 | D:3      | Reached XP level 6. HP: 53/53 MP: 8/8
  2284 | D:4      | Reached skill level 5 in Armour
  2284 | D:4      | Reached skill level 5 in Dodging
  2421 | D:4      | Reached *** piety under Trog
  2424 | D:4      | Reached XP level 7. HP: 47/60 MP: 10/10
  2973 | D:4      | Found a glowing silver altar of Zin.
  2973 | D:4      | Noticed an angel
  2988 | D:5      | Entered Level 5 of the Dungeon
  3041 | D:5      | Found a shadowy altar of Dithmenos.
  3102 | D:5      | Reached XP level 8. HP: 44/67 MP: 12/12
  4062 | D:6      | Found Gitoestraeti's Magic Scroll Boutique.
  4188 | D:6      | Bought a scroll of fear for 44 gold pieces
  4188 | D:6      | Bought a scroll of teleportation for 33 gold pieces
  4188 | D:6      | Bought a scroll of revelation for 82 gold pieces
  4322 | D:6      | Reached XP level 9. HP: 73/73 MP: 14/14
  4614 | D:6      | Reached **** piety under Trog
  4747 | D:7      | Found a flagged portal.
  4782 | Bailey   | Entered a bailey
  4862 | Bailey   | Reached skill level 5 in Invocations
  5053 | Bailey   | Noticed an orc knight
  5064 | Bailey   | Killed an orc knight
  5128 | Bailey   | Found a large runed translucent door.
  5128 | Bailey   | Found a large runed translucent door.
  5129 | Bailey   | Noticed a deep elf pyromancer
  5202 | Bailey   | Killed a deep elf pyromancer
  5203 | Bailey   | Reached skill level 5 in Short Blades
  5203 | Bailey   | Reached skill level 5 in Long Blades
  5203 | Bailey   | Reached skill level 5 in Axes
  5203 | Bailey   | Reached skill level 5 in Maces & Flails
  5203 | Bailey   | Reached skill level 5 in Staves
  5203 | Bailey   | Reached skill level 5 in Ranged Weapons
  5203 | Bailey   | Reached skill level 5 in Throwing
  5203 | Bailey   | Reached skill level 5 in Stealth
  5203 | Bailey   | Reached skill level 5 in Shields
  5203 | Bailey   | Reached skill level 5 in Unarmed Combat
  5203 | Bailey   | Reached skill level 5 in Spellcasting
  5203 | Bailey   | Reached skill level 5 in Evocations
  5203 | Bailey   | Reached XP level 10. HP: 59/82 MP: 17/17
  5224 | Bailey   | Identified the +2 ring mail of the Land of Plenty {Rampage
                  | +Inv Fly Int+2}
  5629 | D:7      | Found a staircase to the Ecumenical Temple.
  6465 | D:8      | Found a glowing golden altar of the Shining One.
  6514 | D:8      | Reached skill level 5 in Shapeshifting
  6662 | D:8      | Found a burning altar of Makhleb.
  6669 | D:8      | Found a radiant altar of Vehumet.
  7344 | D:9      | You fall into a shaft and drop 3 floors!
  7442 | D:12     | Noticed a centaur warrior
  7457 | D:12     | Slain by a centaur warrior

Illustrated notes

Levels and vault maps discovered:
D:1:      dpeg_arrival_more_subterranean_lakeside_camping, layout_loops_ring,
          chequers_mini_garden
D:2:      layout_rooms, serial_rivers, chequers_serial_rivers_small_a,
          chequers_serial_rivers_large_b, chequers_serial_rivers_micro_b,
          chequers_serial_rivers_small_3, chequers_serial_rivers_micro_e
D:3:      layout_loops_cross, minmay_misc_feat_diagonals, minivault_27,
          minmay_fractal_squares_5, uniq_ijyb
D:4:      layout_cave_pools, zin_angel, st_stairs_7
D:5:      layout_cave_pods, lemuel_round_altar,
          minmay_a_box_with_orc_wizards_in_it
D:6:      layout_basic, serial_shops, shop
D:7:      layout_loops_ring, lemuel_temple_firewalk_b, enter_bailey_5,
          chequers_decorated_corner
D:8:      layout_gridville, mainiacjoe_overflow_concentric_impassable,
          grunt_temple_overflow_lords_of_destruction
D:9:      layout_loops_corners
D:12:     minmay_the_grid_triangle_9x9_rhombus_thin
          [minmay_the_grid_triangle_9x9_odd_lines,
          minmay_the_grid_triangle_9x9_prize_special,
          minmay_the_grid_triangle_9x9_fully_insulated_deathbox,
          minmay_the_grid_triangle_9x9_intruding_spiral], layout_basic,
          orc_0_dummy, portal_ice_cave_entry_pillars_1

Skill      XL: |  1  2  3  4  5  6  7  8  9 10 |
---------------+-------------------------------+-----
Invocations    | 1 2 3 4 5 6 |  6.2
Short Blades   | 1 2 3 5 |  5.6
Long Blades    | 1 2 3 5 |  5.6
Axes           | 1 2 3 5 |  5.6
Maces & Flails | 1 2 3 5 |  5.6
Staves         | 1 2 3 5 |  5.6
Ranged Weapons | 1 2 3 5 |  5.6
Throwing       | 1 2 3 5 |  5.6
Stealth        | 1 2 3 5 |  5.6
Shields        | 1 2 3 5 |  5.6
Unarmed Combat | 1 2 3 5 |  5.6
Spellcasting   | 1 2 3 5 |  5.6
Evocations     | 1 2 3 5 |  5.6
Shapeshifting  | 1 2 3 4 5 |  5.1
Conjurations   | 1 2 3 4 |  4.6
Hexes          | 1 2 3 4 |  4.6
Summonings     | 1 2 3 4 |  4.6
Necromancy     | 1 2 3 4 |  4.6
Translocations | 1 2 3 4 |  4.6
Fire Magic     | 1 2 3 4 |  4.6
Ice Magic      | 1 2 3 4 |  4.6
Air Magic      | 1 2 3 4 |  4.6
Earth Magic    | 1 2 3 4 |  4.6
Alchemy        | 1 2 3 4 |  4.6
Armour         | 5 6 7 |  7.3
Dodging        | 5 6 7 |  7.3
Fighting       | 7 8 |  8.7
Polearms       | 7 8 |  8.7

Action                     |  1- 3 |  4- 6 |  7- 9 | 10-12 || total
---------------------------+-------+-------+-------+-------++-------
  Melee: Spear             |   120 |    44 |       |       ||   164
         Bite              |    10 |    14 |    21 |     8 ||    53
         Trident           |       |    89 |   249 |   113 ||   451
  Throw: Dart              |       |     1 |     5 |       ||     6
         Boomerang         |       |       |     2 |       ||     2
 Invoke: Berserk           |       |     2 |     5 |       ||     7
         Trog's Hand       |       |       |     4 |     1 ||     5
  Evoke: Wand              |       |       |       |     1 ||     1
    Use: Potion            |       |       |     2 |       ||     2
         Scroll            |       |       |     1 |    16 ||    17
   Stab: Sleeping          |     5 |     2 |       |       ||     7
 Armour: Leather armour    |    24 |    16 |       |       ||    40
         Animal skin       |     1 |       |       |       ||     1
         Chain mail        |       |    41 |   108 |       ||   149
         Plate armour      |       |       |    41 |    47 ||    88
  Dodge: Dodged            |    35 |    39 |    86 |    46 ||   206
  Block: Other             |     9 |    15 |    38 |    10 ||    72
         Reflection        |       |       |     3 |       ||     3

Table legend: (Time is in decaauts)
 A = Elapsed time spent in this place.
 B = Non-inter-level travel time spent in this place.
 C = Inter-level travel time spent in this place.
 D = Time resting spent in this place.
 E = Time spent auto-exploring this place.
 F = Levels seen in this place.
 G = Mean time per level.
                   A        B        C        D        E       F      G
               +--------+--------+--------+--------+--------+-----+--------+
         Total |   7491 |   7085 |    406 |    353 |   5300 |  11 |  681.0 |
       Dungeon |   6954 |   6548 |    406 |    161 |   5122 |  10 |  695.4 |
        Bailey |    537 |    537 |      0 |    192 |    178 |   1 |  537.0 |
               +--------+--------+--------+--------+--------+-----+--------+

Top non-repeatable levels by time:
     D:8: 1024 daAuts
     D:7: 1003 daAuts
     D:5: 901 daAuts
     D:6: 854 daAuts
     D:2: 825 daAuts
     D:1: 824 daAuts
     D:4: 718 daAuts
     D:3: 649 daAuts
  Bailey: 537 daAuts
    D:12: 110 daAuts
     D:9: 41 daAuts
